 Dungeon Crawl Stone Soup version 0.24-a0-459-g225fefd530 (webtiles) character file.

Game seed: 2253475091171907745

57665 tsouns the Unseen (level 14, 0/88 HPs)
             Began as a Vampire Assassin on June 30, 2019.
             Was an Initiate of Gozag.
             Slain by a minotaur
             ... wielding a +4 mace of protection
              (28 damage)
             ... in a Gauntlet.
             The game lasted 00:55:05 (18396 turns).

tsouns the Unseen (Vampire Assassin)               Turns: 18396, Time: 00:55:06

Health: 0/88       AC: 14    Str: 12    XL:     14   Next: 46%
Magic:  14/14      EV: 22    Int: 23    God:    Gozag
Gold:   4657       SH:  6    Dex: 19    Spells: 11/13 levels left

rFire    . . .     SeeInvis +   v - +9 quick blade
rCold    + + .     Gourm    .   t - +0 buckler
rNeg     + + +     Faith    .   x - +2 leather armour of Thoughtfulness {Str+2 Dex+3}
rPois    ∞         Spirit   .   O - +1 helmet
rElec    .         Reflect  .   c - +2 cloak
rCorr    .         Harm     .   r - +2 pair of gloves
MR       +....     NoTele   +   (no boots)
Stlth    +++++++++.             (no amulet)
HPRegen  0.00/turn              i - +3 ring of slaying
MPRegen  0.14/turn              u - +3 ring of slaying

@: brilliant, bloodless, regenerating quickly, hasted, very quick
A: no food, fangs 3, see invisible, unbreathing
a: Bat Form, Revivify, Potion Petition, Call Merchant, Bribe Branch, Renounce
Religion


You were in a Gauntlet.
You worshipped Gozag.
Gozag was most pleased with you.
You were bloodless.

You visited 4 branches of the dungeon, and saw 18 of its levels.
You also visited: Sewer, Ossuary and Gauntlet.

You collected 5669 gold pieces.
You paid 1012 gold pieces to Gozag.

Inventory:

Hand Weapons
 g - a +5 dagger
 h - a +2 dagger of venom
 v - a +9 quick blade (weapon)
 G - a +1 vampiric falchion
 J - a +3 dagger of electrocution
Missiles
 d - 40 poisoned darts (quivered)
 H - a curare-tipped dart
 K - 6 silver boomerangs
 L - 3 throwing nets
 U - 7 javelins
Armour
 c - a +2 cloak (worn)
 q - the -3 pair of gloves "Dibidyve" {+Inv}
   (You found it in a Gauntlet)

   It lets you turn invisible.
 r - a +2 pair of gloves (worn)
 t - a +0 buckler (worn)
 x - the +2 leather armour of Thoughtfulness (worn) {Str+2 Dex+3}
   (You found it on level 5 of the Dungeon)

   It affects your strength (+2).
   It affects your dexterity (+3).
 O - a +1 helmet (worn)
 S - a scarf of resistance
Jewellery
 i - a +3 ring of slaying (left hand)
 u - a +3 ring of slaying (right hand)
 E - an uncursed ring of protection from magic
Wands
 m - a wand of polymorph (4)
 o - a wand of iceblast (2)
 z - a wand of paralysis (4)
 C - a wand of disintegration (9)
 I - a wand of clouds (3)
 M - a wand of digging (16)
 P - a wand of acid (4)
Scrolls
 a - 3 scrolls of blinking
 b - 2 scrolls of remove curse
 e - a scroll of magic mapping
 s - a scroll of fog
 A - a scroll of immolation
 B - 4 scrolls of teleportation
 D - a scroll of fear
 N - 4 scrolls of identify
 W - a scroll of summoning
Potions
 f - 4 potions of brilliance
 j - 3 potions of heal wounds
 k - 6 potions of flight
 l - 8 potions of curing
 n - 4 potions of magic
 p - a potion of mutation
 w - a potion of cancellation
 F - 2 potions of agility
 R - a potion of resistance
Miscellaneous
 Q - a box of beasts


   Skills:
 + Level 10.7 Fighting
 - Level 10.0 Short Blades
 + Level 8.5 Throwing
 + Level 6.4 Armour
 + Level 12.4 Dodging
 + Level 18.5 Stealth
 - Level 4.0 Shields
 + Level 1.0 Evocations


You had 11 spell levels left.
You knew the following spells:

 Your Spells              Type           Power        Failure   Level  Hunger
a - Call Imp              Summ           ##......     3%          2    N/A

Your spell library contained the following spells:

 Spells                   Type           Power        Failure   Level  Hunger
 Flame Tongue             Conj/Fire      ##...        2%          1    N/A
 Summon Small Mammal      Summ           ##..         2%          1    N/A
 Throw Flame              Conj/Fire      ##....       3%          2    N/A
 Call Canine Familiar     Summ           ##......     7%          3    N/A
 Conjure Flame            Conj/Fire      ##......     7%          3    N/A
 Inner Flame              Hex/Fire       ##......     7%          3    N/A
 Summon Guardian Golem    Hex/Summ       ##......     7%          3    N/A
 Sticky Flame             Conj/Fire      ##......     19%         4    N/A
 Summon Ice Beast         Ice/Summ       ##......     19%         4    N/A
 Summon Lightning Spire   Summ/Air       ##......     19%         4    N/A
 Bolt of Magma            Conj/Fire/Erth ##........   43%         5    N/A
 Fireball                 Conj/Fire      ##........   43%         5    N/A
 Iskenderun's Battlesphe  Conj/Chrm      ##......     43%         5    N/A
 Silence                  Hex/Air        ##........   43%         5    N/A
 Venom Bolt               Conj/Pois      ##........   43%         5    N/A
 Conjure Ball Lightning   Conj/Air       ##........   90%         6    N/A
 Deflect Missiles         Chrm/Air       ##........   90%         6    N/A
 Iron Shot                Conj/Erth      ##........   90%         6    N/A
 Orb of Destruction       Conj           ##........   100%        7    N/A
 Spellforged Servitor     Conj/Summ      ##........   100%        7    N/A
 Tornado                  Air            ##........   100%        9    N/A

Dungeon Overview and Level Annotations

Branches:
Dungeon (9/15)             Temple (1/1) D:6            Lair (6/6) D:9
 Shoals (0/4) Lair:2       Spider (0/4) Lair:3        Slime (0/5) Lair:6
    Orc (2/2) D:9             Elf (0/3) Orc:2

Altars:
Ashenzari
Cheibriados
Dithmenos
Elyvilon
Fedhas
Gozag
Hepliaklqana
Kikubaaqudgha
Makhleb
Nemelex Xobeh
Okawaru
Qazlal
Ru
Sif Muna
Trog
Uskayaw
Vehumet
Wu Jian
Xom
Yredelemnul
Zin
The Shining One
Jiyva

Shops:
D:8 (   Orc:1 }

Annotations:
Lair:6 1 runed translucent door Gauntlet 12 transporters, 21 runed translucent doors


Innate Abilities, Weirdness & Mutations

You do not eat.
You do not regenerate when monsters are visible.
You are frail without blood (-20% HP).
You are immune to poison.
You have razor-sharp teeth.
You have supernaturally acute eyesight. (SInv)
You can survive without breathing.


Message History

You block the minotaur's attack.
Okay, then.
You feel much better. [a] - 675 gold - haste, agility, resistance and flight [b] - 616 gold - resistance, invisibility and agility [c] - 399 gold - haste, brilliance and heal wounds Purchase which effect?
You feel yourself speed up.
You feel clever all of a sudden.
You feel much better.
The minotaur hits you with a +4 mace of protection!!
The minotaur completely misses you.
You hit the minotaur.
The minotaur is severely wounded.
You barely miss the minotaur.
The minotaur furiously retaliates!
The minotaur headbutts you, but does no damage.
The minotaur is severely wounded.
The minotaur hits you with a +4 mace of protection!!
You die...
Your body crumbles into a pile of gold.

#########.#########
#.##### #.....#
#######.# #.....#.#
#.###.#.# #.#∩#.#.#
#.#.#.#.# #.#.#@#.#
#.#.H.#.# #.#####.#
#.......# #########


You could see a minotaur.

Vanquished Creatures
  An orc warlord (D:8)
  2 entropy weavers (Lair:6)
  A death ooze (Gauntlet)
  Harold (D:8)
  5 hydras
  3 catoblepae (Lair:6)
  An ice dragon (Lair:5)
  A death scarab (Gauntlet)
  A queen ant (Lair:6)
  6 death yaks (Lair:6)
  2 two-headed ogres
  4 orc knights (D:8)
  2 orc sorcerers (Orc:1)
  2 manticores (Lair:6)
  5 elephants (Lair:6)
  A worldbinder (Gauntlet)
  2 merfolk sirens (Lair:2)
  A centaur zombie (D:8)
  4 black mambas
  Joseph (D:8)
  8 spiny frogs
  12 komodo dragons
  A troll (D:7)
  2 merfolk (Lair:2)
  A polar bear (Lair:6)
  13 dream sheep
  4 slime creatures (Gauntlet)
  10 blink frogs
  6 hippogriffs
  Sigmund (D:5)
  4 wyverns
  36 yaks
  3 hungry ghosts
  14 wargs (D:8)
  Menkaure (D:7)
  24 soldier ants (Lair:6)
  2 two-headed ogre zombies (D:9)
  4 water moccasins
  Duvessa (D:7)
  10 porcupines
  A spectral torpor snail (Gauntlet)
  8 orc warriors
  3 ice beasts
  5 sky beasts
  2 black bears
  3 phantoms
  3 boggarts (Gauntlet)
  9 ogres
  7 centaurs
  9 crocodiles
  2 big kobolds
  17 bullfrogs
  3 scorpions
  Dowan (D:7)
  8 wights
  3 electric eels
  2 howler monkeys (D:7)
  3 bullfrog zombies
  3 crimson imps
  4 hounds
  9 orc priests
  A centaur skeleton (D:5)
  2 jellies
  2 bullfrog skeletons
  A gnoll shaman (D:4)
  2 iguanas
  10 orc wizards
  4 hell rats (Lair:6)
  26 worker ants
  3 big kobold zombies (Ossuary)
  6 ogre zombies (D:9)
  A hound skeleton (D:7)
  A mummy (Ossuary)
  2 worker ant zombies
  6 gnolls
  A river rat (Sewer)
  8 adders
  2 shadow imps
  3 white imps (Lair:5)
  An adder zombie (D:7)
  3 adder skeletons
  4 worms
  5 leopard geckos
  58 orcs
  5 spectral bats (Ossuary)
  12 giant cockroaches
  8 goblins
  5 hobgoblins
  6 jackals
  9 quokkas
  A ball python (D:1)
  6 bats
  2 bat simulacra (Ossuary)
  7 frilled lizards
  9 gnoll zombies (Ossuary)
  4 goblin simulacra (Ossuary)
  A goblin skeleton (D:9)
  10 goblin zombies
  A hobgoblin skeleton (D:9)
  9 hobgoblin zombies
  14 kobolds
  3 kobold simulacra (Ossuary)
  5 kobold zombies (Ossuary)
  3 orc skeletons (D:9)
  15 orc zombies
  9 rats
  4 rat simulacra (Ossuary)
  A rat zombie (D:4)
  4 spectral kobolds (Ossuary)
  2 spectral rats (Ossuary)
  A plant (D:9)
616 creatures vanquished.

Vanquished Creatures (others)
  An orc wizard (D:3)
  A demonic plant (Gauntlet)
  9 fungi
  10 plants
21 creatures vanquished.

Grand Total: 637 creatures vanquished

Notes
Turn   | Place    | Note
-------+----------+-------------------------------------------
     0 | D:1      | tsouns the Vampire Assassin began the quest for the Orb.
     0 | D:1      | Reached XP level 1. HP: 16/16 MP: 1/1
   259 | D:1      | Reached skill level 6 in Stealth
   329 | D:1      | Reached XP level 2. HP: 21/22 MP: 2/2
   959 | D:2      | Reached XP level 3. HP: 27/27 MP: 3/3
  1238 | D:2      | Reached XP level 4. HP: 26/26 MP: 4/4
  1356 | D:3      | Found a glowing drain.
  1392 | D:3      | Reached skill level 7 in Stealth
  1411 | Sewer    | Entered a sewer
  1480 | Sewer    | Noticed a big kobold
  1490 | Sewer    | Killed a big kobold
  1490 | Sewer    | Reached XP level 5. HP: 28/30 MP: 5/5
  1514 | Sewer    | Found a white marble altar of Elyvilon.
  1595 | D:3      | Reached skill level 8 in Stealth
  1665 | D:3      | Reached XP level 6. HP: 20/39 MP: 6/6
  1998 | D:3      | Found a stormy altar of Qazlal.
  2001 | D:3      | Noticed a water elemental
  2001 | D:3      | Noticed an air elemental
  2001 | D:3      | Noticed a fire elemental
  2429 | D:4      | Reached skill level 5 in Short Blades
  2489 | D:4      | Found a sand-covered staircase.
  2507 | Ossuary  | Entered an ossuary
  2529 | Ossuary  | Reached XP level 7. HP: 29/29 MP: 7/7
  2583 | Ossuary  | Reached skill level 9 in Stealth
  3601 | D:5      | Entered Level 5 of the Dungeon
  3662 | D:5      | Got a transparent leather armour
  3673 | D:5      | Identified the +2 leather armour of Thoughtfulness {Str+2
                  | Dex+3} (You found it on level 5 of the Dungeon)
  3752 | D:5      | Reached skill level 1 in Armour
  3793 | D:5      | Reached XP level 8. HP: 34/34 MP: 8/8
  3816 | D:5      | Reached skill level 10 in Stealth
  3906 | D:5      | Noticed Sigmund
  3913 | D:5      | Killed Sigmund
  4430 | D:6      | Learned a level 2 spell: Call Imp
  4522 | D:6      | Found a staircase to the Ecumenical Temple.
  4542 | Temple   | Entered the Ecumenical Temple
  4801 | Temple   | Became a worshipper of Gozag Ym Sagoz the Greedy
  5248 | D:6      | Reached XP level 9. HP: 44/52 MP: 9/9
  5256 | D:6      | Reached skill level 11 in Stealth
  5972 | D:7      | Noticed Duvessa
  5973 | D:7      | Noticed Dowan
  6103 | D:7      | Noticed a troll
  6107 | D:7      | Killed a troll
  6107 | D:7      | Reached skill level 5 in Dodging
  6210 | D:7      | Found a shattered altar of Ashenzari.
  6304 | D:7      | Killed Dowan
  6319 | D:7      | Killed Duvessa
  6413 | D:7      | Noticed Menkaure
  6420 | D:7      | Killed Menkaure
  6460 | D:7      | Reached skill level 5 in Fighting
  6460 | D:7      | Reached skill level 12 in Stealth
  6875 | D:8      | Noticed a two-headed ogre
  7040 | D:8      | Found Fagopuh's Weapon Shop.
  7066 | D:7      | Reached XP level 10. HP: 58/59 MP: 10/10
  7263 | D:8      | Noticed Harold
  7283 | D:8      | Killed Harold
  7338 | D:8      | Noticed Joseph
  7363 | D:8      | Killed Joseph
  7417 | D:8      | Killed a two-headed ogre
  7428 | D:8      | Reached skill level 5 in Armour
  7477 | D:8      | Reached skill level 13 in Stealth
  8010 | D:8      | Reached XP level 11. HP: 33/65 MP: 11/11
  8424 | D:8      | Noticed an orc knight
  8432 | D:8      | Killed an orc knight
  8485 | D:8      | Noticed an orc warlord
  8496 | D:8      | Noticed an orc knight
  8525 | D:8      | Killed an orc knight
  8526 | D:8      | Killed an orc warlord
  8527 | D:8      | Reached skill level 14 in Stealth
  8639 | D:8      | Noticed an orc knight
  8650 | D:8      | Noticed an orc knight
  8654 | D:8      | Killed an orc knight
  8665 | D:8      | Killed an orc knight
  8839 | D:9      | Got a translucent wooden ring
  8841 | D:9      | Identified the ring "Ronn" {rC+ Int+2} (You found it on
                  | level 9 of the Dungeon)
  8887 | D:9      | Noticed a two-headed ogre
  8926 | D:9      | Killed a two-headed ogre
  9124 | D:9      | Reached skill level 10 in Short Blades
  9460 | D:9      | Found a staircase to the Orcish Mines.
  9970 | D:9      | Found a staircase to the Lair.
 10254 | Lair:1   | Entered Level 1 of the Lair of Beasts
 10337 | Lair:1   | Reached XP level 12. HP: 68/73 MP: 12/12
 10515 | Lair:1   | Reached skill level 15 in Stealth
 10618 | Lair:1   | Reached skill level 5 in Throwing
 11329 | Lair:2   | Got a shimmering robe
 11340 | Lair:2   | Identified the +1 robe of Generosity {MR+} (You found it on
                  | level 2 of the Lair of Beasts)
 11697 | Lair:2   | Found a staircase to the Shoals.
 12133 | Lair:3   | Identified a scroll of acquirement
 12330 | Lair:3   | Found a hole to the Spider Nest.
 12343 | Lair:3   | Reached skill level 10 in Dodging
 12343 | Lair:3   | Reached skill level 1 in Shields
 12436 | Lair:3   | Noticed an eight-headed hydra
 12457 | Lair:3   | Killed an eight-headed hydra
 13181 | Lair:4   | Reached skill level 16 in Stealth
 13380 | Lair:4   | Reached XP level 13. HP: 75/80 MP: 13/13
 14867 | Lair:6   | Entered Level 6 of the Lair of Beasts
 14990 | Lair:6   | Reached skill level 17 in Stealth
 15391 | Lair:6   | Found a runed translucent door.
 15392 | Lair:6   | Found a viscous altar of Jiyva.
 15392 | Lair:6   | Noticed an azure jelly
 15393 | Lair:6   | Noticed an azure jelly
 15394 | Lair:6   | Noticed an azure jelly
 15445 | Lair:6   | Noticed an entropy weaver
 15447 | Lair:6   | Reached skill level 10 in Fighting
 15488 | Lair:6   | Noticed an entropy weaver
 15507 | Lair:6   | Killed an entropy weaver
 15519 | Lair:6   | Killed an entropy weaver
 15669 | Lair:6   | Reached XP level 14. HP: 58/88 MP: 14/14
 15671 | Lair:6   | Found a staircase to the Slime Pits.
 16185 | Lair:6   | Reached skill level 18 in Stealth
 17150 | Orc:1    | Entered Level 1 of the Orcish Mines
 17256 | Orc:1    | Found Orealaff's Gadget Emporium.
 17502 | Orc:2    | Entered Level 2 of the Orcish Mines
 17608 | Orc:2    | Found a gate leading to a gauntlet.
 17636 | Orc:2    | Found a staircase to the Elven Halls.
 17643 | Gauntlet | Entered a Gauntlet
 17643 | Gauntlet | Found a transporter.
 17644 | Gauntlet | Found a large runed translucent door.
 17645 | Gauntlet | Found a large runed translucent door.
 17646 | Gauntlet | Found a large runed translucent door.
 17646 | Gauntlet | Found a large runed translucent door.
 17646 | Gauntlet | Found a runed translucent door.
 17647 | Gauntlet | Found a large runed translucent door.
 17648 | Gauntlet | Found a large runed translucent door.
 17649 | Gauntlet | Found a large runed translucent door.
 17649 | Gauntlet | Found a large runed translucent door.
 17650 | Gauntlet | Found a runed translucent door.
 17651 | Gauntlet | Found a large runed translucent door.
 17651 | Gauntlet | Found a large runed translucent door.
 17651 | Gauntlet | Found a large runed translucent door.
 17651 | Gauntlet | Found a large runed translucent door.
 17652 | Gauntlet | Found a large runed translucent door.
 17652 | Gauntlet | Found a large runed translucent door.
 17653 | Gauntlet | Found a large runed translucent door.
 17653 | Gauntlet | Found a large runed translucent door.
 17655 | Gauntlet | Found a transporter.
 17660 | Gauntlet | Found a runed translucent gate.
 17660 | Gauntlet | Found a runed translucent gate.
 17660 | Gauntlet | Found a runed translucent gate.
 17662 | Gauntlet | Found a transporter.
 17677 | Gauntlet | Found a transporter.
 17682 | Gauntlet | Found a transporter.
 17698 | Gauntlet | Found a transporter.
 17717 | Gauntlet | Found a transporter.
 17717 | Gauntlet | Noticed an entropy weaver
 17729 | Gauntlet | Found a transporter.
 17735 | Gauntlet | Found a transporter.
 17750 | Gauntlet | Found a transporter.
 17762 | Gauntlet | Found a transporter.
 17768 | Gauntlet | Found a transporter.
 17783 | Gauntlet | Found a transporter.
 17800 | Gauntlet | Found a transporter.
 17820 | Gauntlet | Found a transporter.
 17847 | Gauntlet | Found a transporter.
 17939 | Gauntlet | Found a transporter.
 18042 | Gauntlet | Found a transporter.
 18147 | Gauntlet | Reached skill level 1 in Evocations
 18165 | Gauntlet | Got a pair of ancient gloves
 18202 | Gauntlet | Identified the cursed -3 pair of gloves "Dibidyve" {+Inv}
                  | (You found it in a Gauntlet)
 18396 | Gauntlet | Slain by a minotaur

Levels and vault maps discovered:
D:1:      wander_arrival_peaceful_grave, layout_basic, minmay_misc_feat_five,
          minmay_lizard_king
D:2:      layout_rooms
D:3:      layout_rooms, gup_sewer_entry_glass, nicolae_qazlal_style_of_elements
D:4:      layout_basic, serial_glass, glass_columns_a, glass_columns_a,
          enter_ossuary_4
D:5:      layout_loops_ring, first_ration, uniq_sigmund
D:6:      layout_basic, minmay_temple_entry_statues_pillars, water_maze_lemuel
D:7:      layout_gridville, nicolae_ashenzari_panopticon, uniq_duvessa,
          uniq_menkaure
D:8:      lemuel_castle_with_subvaults [lemuel_castle_interior_carwin_3],
          layout_basic, serial_shops, shop, uniq_joseph, uniq_harold
D:9:      layout_loops_ring, david_lair_shrubbed, zombieorc2_lemuel,
          grunt_ogre_cave
Temple:   nicolae_temple_the_god_donut
Lair:1:   layout_long_grid, infiniplex_staircase_pool_2, serial_bayou_shore_b,
          grunt_megastairs_3, serial_bayou_shore_a
Lair:2:   layout_small_grid, elwin_shoals_entry_stream
Lair:3:   layout_regular_city, spider_nest_entry_web_field
Lair:4:   layout_cave_pods
Lair:5:   layout_regular_city, st_stairs_6, bobbens_ice_dragon_lair
Lair:6:   evilmike_catoblepas_cave, layout_regular_city, slime_altar_2,
          minivault_29, grunt_megastairs_2, lemuel_fruit_fields
Orc:1:    layout_caves, serial_shops, shop
Orc:2:    pf_orc_diabolical, layout_diamond_mine, biasface_ghost_orc_armoury,
          gauntlet_entry_generic, basic_altar, nicolae_orc_pool_cavern,
          nicolae_orc_lava_tube, uniq_donald
Gauntlet: gammafunk_gauntlet_one_two_three
          [gammafunk_gauntlet_arena_arrow_garden,
          gammafunk_gauntlet_arena_split_diamond,
          minmay_gauntlet_arena_make_your_own_arena,
          nicolae_gauntlet_arena_blocks, nicolae_gauntlet_arena_flowing_pool,
          gammafunk_gauntlet_arena_split_x, nicolae_gauntlet_arena_t_cross,
          gammafunk_gauntlet_arena_hedges, gammafunk_gauntlet_arena_spirals,
          gauntlet_exit_spiral]

Skill      XL: |  1  2  3  4  5  6  7  8  9 10 11 12 13 14 |
---------------+-------------------------------------------+-----
Stealth        | 6 7 8 9 10 12 13 14 16 17 18 | 18.5
Throwing       | 2 3 4 6 7 8 |  8.5
Short Blades   | 3 4 5 6 8 9 10 | 10.0
Fighting       | 2 3 5 6 7 9 10 | 10.7
Armour         | 1 2 4 5 6 |  6.4
Dodging        | 2 4 5 7 9 10 11 12 | 12.4
Shields        | 2 4 |  4.0
Evocations     | 1 |  1.0

Action                   |  1- 3 |  4- 6 |  7- 9 | 10-12 | 13-15 || total
-------------------------+-------+-------+-------+-------+-------++-------
Melee: Dagger            |   101 |   110 |   260 |   566 |       ||  1037
       Bite              |     2 |     7 |    24 |    89 |   127 ||   249
       Quick blade       |       |       |       |   145 |   779 ||   924
Throw: Dart              |       |    15 |     2 |    24 |    13 ||    54
       Throwing net      |       |       |       |     1 |       ||     1
       Boomerang         |       |       |       |     1 |       ||     1
Invok: Potion Petition   |       |       |       |     2 |     2 ||     4
 Abil: Exsanguinate      |     1 |     2 |       |     1 |     1 ||     5
       Revivify          |       |     2 |       |     1 |     1 ||     4
Evoke: Wand              |       |       |     6 |     7 |     1 ||    14
  Use: Scroll            |       |     6 |    10 |     9 |     9 ||    34
       Potion            |       |       |       |    11 |     5 ||    16
 Stab: Sleeping          |     9 |    22 |    66 |    44 |    26 ||   167
       Paralysed         |       |       |     1 |       |       ||     1
       Distracted        |       |       |     2 |     6 |    11 ||    19
       Invisible         |       |       |       |     3 |       ||     3
       Confused          |       |       |       |       |     4 ||     4
Armor: Robe              |    19 |    13 |    28 |       |       ||    60
       Leather armour    |       |       |    26 |    86 |    47 ||   159
Dodge: Dodged            |    81 |    42 |   106 |   265 |   186 ||   680
Block: Buckler           |       |       |       |    15 |    50 ||    65

Table legend:
 A = Non-vault XP
 B = Vault XP
 C = Vault XP percentage of total XP
 D = Non-vault monster count
 E = Vault monster count
 F = Vault count percentage of total count
                 A         B        C        D         E       F
            +---------+---------+-------+---------+---------+-------
      Total |   44645 |   37734 |  45.8 |     353 |     263 |  42.7
            +---------+---------+-------+---------+---------+-------
        D:1 |      32 |       6 |  15.8 |      21 |       4 |  16.0
        D:2 |      60 |       0 |   0.0 |      19 |       0 |   0.0
        D:3 |     188 |      21 |  10.0 |      23 |       5 |  17.9
        D:4 |     303 |       2 |   0.7 |      18 |       2 |  10.0
        D:5 |     933 |     220 |  19.1 |      26 |       1 |   3.7
        D:6 |    1170 |       0 |   0.0 |      20 |       0 |   0.0
        D:7 |    1942 |     388 |  16.7 |      26 |       3 |  10.3
        D:8 |    2372 |    8697 |  78.6 |      26 |      54 |  67.5
        D:9 |    2207 |    1510 |  40.6 |      28 |      38 |  57.6
     Lair:1 |    3721 |     342 |   8.4 |      19 |       3 |  13.6
     Lair:2 |    2743 |    1574 |  36.5 |      14 |       4 |  22.2
     Lair:3 |    2820 |       0 |   0.0 |       8 |       0 |   0.0
     Lair:4 |    8350 |       0 |   0.0 |      36 |       0 |   0.0
     Lair:5 |    6681 |     983 |  12.8 |      21 |       4 |  16.0
     Lair:6 |    8965 |   20038 |  69.1 |      30 |      70 |  70.0
      Orc:1 |    1554 |       0 |   0.0 |       8 |       0 |   0.0
      Orc:2 |     342 |       0 |   0.0 |       9 |       0 |   0.0
      Sewer |       0 |     121 | 100.0 |       0 |      10 | 100.0
    Ossuary |       0 |     163 | 100.0 |       0 |      55 | 100.0
   Gauntlet |     262 |    3669 |  93.3 |       1 |      10 |  90.9
            +---------+---------+-------+---------+---------+-------
